AoeStats
← KKony

Arena

509984423Analyzed
4v4 RM · 4d ago on Sep 28, 2026· 36m 26s· 8 players
Game mode
Random Map
Map size
Large (8 player)
Population
200
Speed
Normal
Resources
Standard
Victory
Conquest
Starting age
Dark Age
Ending age
Imperial Age
RankedLock teamsTeams togetherTeam positionsShared explorationLock speedFull tech treeHidden civsTurbo modeCheats
Victory
Defeat
🇺🇸 Saracens · United States
957
+12
🇺🇸 Japanese · United States
918
+13
🇺🇸 Franks · United States
881
+15
🇺🇸 Spanish · United States
834
+17
🇺🇸 Magyars · United States
947
-19
🇦🇷 Bohemians · Argentina
861
-14
🇺🇸 Britons · United States
831
-13
🇵🇪 Inca · Peru
778
-11
Megaman
5:51 Loom
11:09 Feudal Age
15:11 Wheelbarrow
18:06 Castle Age
17:08 Double-Bit Axe
17:39 Horse Collar
19:17 Heavy Plow
19:55 Bow Saw
22:45 Hand Cart
23:23 Bloodlines
24:36 Scale Barding Armor
26:33 Chain Barding Armor
27:24 Gold Mining
27:38 Fletching
28:25 Bodkin Arrow
Kayan
ChewedGizmo
CAPIBARBA
Da G Un1t
9:59 Feudal Age
16:49 Castle Age
14:42 Horse Collar
16:23 Stone Mining
17:24 Double-Bit Axe
19:47 Loom
26:07 Scale Mail Armor
26:17 Forging
33:00 Imperial Age
36:03 Man-at-Arms
xFREEtheCHIEFx
13:29 Feudal Age
14:14 Double-Bit Axe
14:41 Loom
19:28 Castle Age
17:30 Horse Collar
19:54 Man-at-Arms
20:36 Squires
20:22 Arson
23:03 Scale Mail Armor
23:52 Long Swordsman
24:22 Gambesons
25:49 Forging
gketchum12
3:09 Loom
15:01 Feudal Age
15:31 Horse Collar
15:44 Gold Mining
18:10 Double-Bit Axe
19:22 Stone Mining
21:27 Wheelbarrow
25:42 Castle Age
24:56 Fletching
25:10 Padded Archer Armor
27:10 Stone Shaft Mining
26:38 Heavy Plow
27:21 Leather Archer Armor
27:40 Caravan
28:40 Bodkin Arrow
31:08 Hand Cart
32:02 Bloodlines
37:04 Redemption
KKony
11:15 Loom
13:00 Feudal Age
17:29 Castle Age
15:23 Double-Bit Axe
18:00 Wheelbarrow
17:21 Stone Mining
18:56 Bow Saw
20:13 Hand Cart
29:54 Imperial Age
27:10 Loom
29:02 Scale Barding Armor
29:08 Forging
29:39 Husbandry
29:59 Cavalier
31:53 Chain Barding Armor
32:11 Paladin
35:43 Iron Casting
36:02 Plate Barding Armor
Connection lost

Rejoining the realm…

Still unreachable

The connection could not be restored.

Session expired

The server has moved on; the page needs a fresh start.